 Dungeon Crawl Stone Soup version 0.26-a0-597-gb535b0901c (webtiles) character file.

Game seed: 14010738066321399286

195565 Lugonue the Eclecticist (level 17, -10/95 HPs)
             Began as a Deep Elf Fire Elementalist on Aug 25, 2020.
             Was an Initiate of Gozag.
             Killed from afar by a shock serpent (16 damage)
             ... with a bolt of electricity
             ... on level 2 of the Snake Pit on Aug 28, 2020.
             The game lasted 03:24:30 (52640 turns).

Lugonue the Eclecticist (DEFE)                     Turns: 52640, Time: 03:24:33

Health: -10/95     AC: 24    Str: 13    XL:     17   Next: 71%
Magic:  14/42      EV: 16    Int: 37    God:    Gozag
Gold:   2022       SH:  0    Dex: 13    Spells: 18/55 levels left

rFire    + . .     SeeInvis .   T - +0 shortbow (freeze)
rCold    + . .     Faith    .   (shield currently unavailable)
rNeg     . . .     Spirit   .   E - +3 swamp dragon scales
rPois    +         Reflect  .   u - +2 hat {Int+3}
rElec    .         Harm     .   Z - +2 cloak {MR+}
rCorr    .                      w - +2 pair of gloves
MR       ++++.                  n - +2 pair of boots
Stlth    ++++......             r - amulet of Happiness {RegenMP MR+ Str+3}
HPRegen  0.25/turn              x - +6 ring of intelligence
MPRegen  0.53/turn              p - ring "Kenac" {*Contam rF+ rC+ MR+ Str+5}

@: about to teleport
A: clumsy 1
}: 1/15 runes: decaying
a: Potion Petition, Call Merchant, Bribe Branch, Renounce Religion


You were on level 2 of the Snake Pit.
You worshipped Gozag.
Gozag was most pleased with you.
You visited 7 branches of the dungeon, and saw 31 of its levels.
You also visited: Volcano.

You collected 12526 gold pieces.
You spent 5382 gold pieces at shops.
You paid 5122 gold pieces to Gozag.

Inventory:

Hand Weapons
 b - a +3 longbow of flaming
 T - a +0 shortbow of freezing (weapon)
Missiles
 g - 5 curare-tipped darts
 m - 253 arrows (quivered)
 D - 3 throwing nets
Armour
 n - a +2 pair of boots (worn)
 u - a +2 hat of intelligence (worn)
 w - a +2 pair of gloves (worn)
 E - +3 swamp dragon scales (worn)
 Z - a +2 cloak of magic resistance (worn)
Magical Staves
 a - an uncursed staff of fire
Jewellery
 p - the ring "Kenac" (right hand) {*Contam rF+ rC+ MR+ Str+5}
   (You bought it in a shop on level 15 of the Dungeon)

   [ring of protection from cold]

   It affects your strength (+5).
   It protects you from fire.
   It protects you from cold.
   It affects your resistance to hostile enchantments.
   It causes magical contamination when unequipped.
 r - the amulet of Happiness (around neck) {RegenMP MR+ Str+3}
   (You found it on level 1 of the Snake Pit)

   [amulet of magic regeneration]

   It increases your magic regeneration.
   It affects your strength (+3).
   It affects your resistance to hostile enchantments.
 x - a +6 ring of intelligence (left hand)
 F - a +4 ring of protection
 L - the amulet of the Four Winds {rN+ MR+++ Clar}
   (You bought it in a shop on level 15 of the Dungeon)

   [amulet of nothing]

   It protects you from negative energy.
   It affects your resistance to hostile enchantments.
   It protects you against confusion.
 O - an uncursed ring of see invisible
 X - an uncursed ring of fire
Wands
 y - a wand of flame (86)
 I - a wand of acid (22)
 J - a wand of iceblast (23)
 K - a wand of enslavement (26)
 M - a wand of disintegration (13)
 N - a wand of random effects (22)
 U - a wand of digging (5)
Scrolls
 d - 4 scrolls of amnesia
 j - 18 scrolls of remove curse
 k - 9 scrolls of identify
 l - 4 scrolls of fear
 o - a scroll of blinking
 A - 6 scrolls of fog
Potions
 c - a potion of might
 h - a potion of magic
 i - 3 potions of resistance
 q - a potion of invisibility
 t - 7 potions of stabbing
 v - 6 potions of berserk rage
 z - 2 potions of cancellation
 B - 10 potions of curing
 G - 7 potions of flight
 H - 5 potions of lignification
 P - 2 potions of brilliance
 Q - a potion of ambrosia
 R - 4 potions of mutation
 S - 7 potions of haste


   Skills:
 + Level 6.9 Fighting
 - Level 0.5 Staves
 - Level 15.6 Bows
 - Level 1.1 Throwing
 - Level 7.0 Armour
 - Level 10.0 Dodging
 - Level 10.0 Stealth
 - Level 19.7 Spellcasting
 - Level 8.2 Conjurations
 - Level 7.4 Hexes
 - Level 3.2 Translocations
 - Level 1.7 Transmutations
 + Level 18.1 Fire Magic
 - Level 1.5 Air Magic
 - Level 3.8 Poison Magic
 - Level 1.4 Evocations


You had 18 spell levels left.
You knew the following spells:

 Your Spells              Type           Power        Failure   Level
b - Inner Flame           Hex/Fire       #######.     1%          3
c - Conjure Flame         Conj/Fire      #######.     1%          3
d - Sticky Flame          Conj/Fire      #######.     1%          4
e - Blink                 Tloc           N/A          1%          2
f - Mephitic Cloud        Conj/Pois/Air  ######..     1%          3
g - Olgreb's Toxic Radia  Pois           ######..     3%          4
h - Ignite Poison         Fire/Tmut/Pois #######.     1%          3
i - Fireball              Conj/Fire      #######...   1%          5
j - Slow                  Hex            #######.     1%          2
k - Ignition              Fire           ########..   6%          8

Your spell library contained the following spells:

 Spells                   Type           Power        Failure   Level
 Foxfire                  Conj/Fire      ####         0%          1
 Animate Skeleton         Necr           #####.       1%          1
 Beastly Appendage        Tmut           #####.       1%          1
 Magic Dart               Conj           ####         1%          1
 Pain                     Necr           ####         1%          1
 Shock                    Conj/Air       ####         1%          1
 Sting                    Tmut/Pois      ####         1%          1
 Poisonous Vapours        Pois/Air       ######       1%          2
 Swiftness                Air            #####...     1%          2
 Wereblood                Tmut           #####...     1%          2
 Confusing Touch          Hex            #######.     1%          3
 Gell's Gravitas          Tloc           ######....   1%          3
 Portal Projectile        Hex/Tloc       ######       1%          3
 Spider Form              Tmut/Pois      ######....   1%          3
 Static Discharge         Conj/Air       ######..     1%          3
 Starburst                Conj/Fire      #######...   1%          6
 Call Imp                 Summ           #####...     2%          2
 Sublimation of Blood     Necr           #####.....   2%          2
 Vampiric Draining        Necr           #####.....   4%          3
 Irradiate                Conj/Tmut      ######....   5%          5
 Lightning Bolt           Conj/Air       ######....   6%          5
 Yara's Violent Unravell  Hex/Tmut       ######....   6%          5
 Airstrike                Air            #####.....   9%          4
 Metabolic Englaciation   Hex/Ice        ######....   10%         5
 Ice Form                 Ice/Tmut       #####...     11%         4
 Petrify                  Tmut/Erth      #####...     11%         4
 Alistair's Intoxication  Tmut/Pois      ######...    13%         5
 Animate Dead             Necr           #####.....   16%         4
 Blade Hands              Tmut           #####.....   21%         5
 Agony                    Necr           #####...     38%         5
 Dispersal                Tloc           ######....   52%         6
 Freezing Cloud           Conj/Ice/Air   ######....   52%         6
 Eringya's Noxious Bog    Tmut/Pois      ######....   58%         6
 Disjunction              Tloc           ######....   100%        8


Dungeon Overview and Level Annotations

Branches:
Dungeon (15/15)            Temple (1/1) D:4            Lair (6/6) D:10
  Swamp (4/4) Lair:3        Snake (2/4) Lair:3        Slime (0/5) Lair:5
    Orc (2/2) D:11            Elf (1/3) Orc:2        Vaults (0/5) D:13
 Depths (0/5) D:15        Volcano (visited)

Altars:
Ashenzari
Cheibriados
Dithmenos
Elyvilon
Fedhas
Gozag
Hepliaklqana
Kikubaaqudgha
Makhleb
Nemelex Xobeh
Okawaru
Qazlal
Ru
Sif Muna
Trog
Uskayaw
Vehumet
Wu Jian
Xom
Yredelemnul
Zin
The Shining One
Beogh
Jiyva

Shops:
D:7 *   D:8 ?   D:15 =   Orc:2 :!:!   Lair:1 [(   Lair:4 [[(   Snake:1 [=

Portals:
Trove: D:12 (give +3 gold dragon scales)

Annotations:
D:4 3 runed translucent doors, kae's ghost, amateur DsGl
D:14 Roxanne
Lair:1 1 transporter, Utwiqean's ghost, journeyman DEIE
Lair:4 1 runed translucent door, Giarr's ghost, journeyman DDGl


Innate Abilities, Weirdness & Mutations

You are clumsy. (Dex -2)


Message History

You blink.
The shock serpent closely misses you.
As you read the scroll of teleportation, it crumbles to dust.
You feel strangely unstable.
The shock serpent shoots out a bolt of lightning at you!
The bolt of electricity hits you!! The anaconda misses you.
The anaconda bites you.
* * * LOW HITPOINT WARNING * * *
The shock serpent bites you but does no damage.
The shock serpent shoots out a bolt of lightning at you!
The bolt of electricity hits you!
* * * LOW HITPOINT WARNING * * *
The anaconda closely misses you. The anaconda bites you.
* * * LOW HITPOINT WARNING * * *
Casting: Blink (safe; 1% risk of failure)
Confirm with . or Enter, or press ? or * to list all spells.
You blink.
The shock serpent shoots out a bolt of lightning at you!
The bolt of electricity hits you!
You die...
Your body crumbles into a pile of gold.

$ #..)#........# #.[
###........^...#. ..
................ ..
....).......... #.
$$#..S........
####.####N###.#...####
.....$...S###.#...#
#.....$S.#.#...#
#..@...S.#$#####
#...##N.ยง#(#
#...####..(# #####
#####


You could see 2 naga warriors, an anaconda (slow), a shock serpent and a
guardian serpent.

Vanquished Creatures
  Jorgrun (D:12)
  Agnes (D:14)
  3 thorn hunters
  An orc warlord (Orc:1)
  Louise (D:14)
  Aizul (Swamp:1)
  2 entropy weavers (Lair:5)
  A deep elf annihilator (Elf:1)
  Nessos (D:12)
  A deep elf demonologist (Elf:1)
  An ettin (Orc:2)
  Snorg (Orc:2)
  A fire dragon (Lair:6)
  A yaktaur captain (D:15)
  Fannar (D:11)
  Harold (D:7)
  3 anacondas
  2 ghost crabs (Swamp:4)
  An ogre mage (D:15)
  3 vault guards (D:13)
  24 hydras
  Erica (D:8)
  2 naga warriors (Snake:1)
  10 alligators
  7 two-headed ogres
  2 centaur warriors (D:15)
  A queen ant (Lair:5)
  3 shock serpents
  2 tengu warriors
  2 deep elf knights (Elf:1)
  A naga sharpshooter (Snake:1)
  5 orc high priests (Orc:2)
  Urug (Lair:4)
  A sun demon (Volcano)
  A death drake (Swamp:4)
  2 unseen horrors
  A naga ritualist (Snake:1)
  8 swamp dragons
  2 wizards (D:13)
  2 spriggan druids
  Pikel (D:6)
  2 spectral hydras (Swamp:4)
  2 phantasmal warriors (Swamp:4)
  7 orc knights
  13 deep elf magi
  A wolf spider (Lair:6)
  2 mana vipers (Snake:1)
  5 orc sorcerers
  An oklob plant (D:14)
  17 ugly things
  3 manticores
  25 slime creatures
  A salamander (Snake:2)
  5 cyclopes
  5 naga magi
  A torpor snail (Lair:6)
  13 black mambas
  16 elephants
  2 gargoyles
  Maurice (D:8)
  17 cane toads
  Maggie (D:7)
  9 rime drakes
  3 yaktaurs
  3 swamp worm zombies (Swamp:4)
  5 komodo dragons
  A red devil (Volcano)
  2 tengu conjurers
  2 guardian mummies (D:12)
  7 trolls
  4 hydra zombies (Swamp:4)
  9 polar bears (Lair:6)
  4 hornets
  4 tyrant leeches
  7 bog bodies
  5 spectral swamp dragons (Swamp:4)
  6 hippogriffs
  4 alligator zombies (Swamp:4)
  5 raiju (Lair:6)
  18 blink frogs
  An air elemental (Elf:1)
  5 shadows
  4 spriggans
  A water elemental (Elf:1)
  7 wraiths
  Eustachio (D:4)
  50 yaks
  6 basilisks (D:14)
  3 wyverns (D:14)
  2 fire elementals (Elf:1)
  2 humans (D:13)
  6 fire bats (Volcano)
  2 steam dragons
  22 vampire mosquitoes
  12 nagas
  2 acid dragons
  9 wargs
  14 swamp worms
  11 insubstantial wisps
  6 soldier ants
  15 water moccasins
  14 hell hounds
  8 porcupines
  3 sky beasts
  3 ice beasts
  13 swamp drakes
  2 hornet zombies
  11 black bears (Lair:6)
  39 orc warriors
  2 eyes of draining
  A necrophage (D:6)
  4 phantoms (Swamp:4)
  12 ogres
  3 swamp dragon zombies (Swamp:4)
  27 wolves
  10 centaurs
  11 crocodiles
  A lemure (D:6)
  26 bullfrogs
  A big kobold (D:12)
  A scorpion (D:9)
  10 killer bees
  5 electric eels (Lair:3)
  10 wights
  9 howler monkeys
  2 crimson imps
  4 lava snakes (Volcano)
  5 centaur zombies
  3 bullfrog zombies
  10 hounds
  2 quasits
  34 orc priests
  24 orc wizards
  11 jellies
  2 bullfrog skeletons
  An iron imp (Orc:1)
  5 centaur skeletons
  5 iguanas
  30 worker ants
  A killer bee zombie (D:7)
  2 hound skeletons
  3 gnolls (D:7)
  10 adders
  A swamp drake zombie (Swamp:4)
  A shadow imp (Orc:1)
  3 white imps
  2 ufetubi (D:8)
  12 oozes
  An adder zombie (D:6)
  An adder skeleton (D:4)
  A worm (D:4)
  2 dart slugs
  7 leopard geckos
  113 orcs
  4 giant cockroaches
  2 goblins
  8 hobgoblins
  7 jackals
  5 quokkas
  A ball python (D:6)
  8 bats
  3 frilled lizards
  11 kobolds
  2 quokka skeletons (D:4)
  A quokka zombie (D:5)
  4 rats
  4 fungi
  5 plants
1115 creatures vanquished.

Vanquished Creatures (others)
  A bush (Lair:6)
  957 foxfires
  21 fungi
  34 plants
1013 creatures vanquished.

Grand Total: 2128 creatures vanquished

Notes
Turn   | Place    | Note
-------+----------+-------------------------------------------
     0 | D:1      | Lugonue the Deep Elf Fire Elementalist began the quest for
                  | the Orb.
     0 | D:1      | Reached XP level 1. HP: 10/10 MP: 6/6
   419 | D:1      | Reached XP level 2. HP: 15/15 MP: 1/8
  1242 | D:2      | Reached XP level 3. HP: 19/19 MP: 0/10
  1916 | D:2      | Reached skill level 4 in Spellcasting
  2424 | D:3      | Learned a level 3 spell: Inner Flame
  2653 | D:3      | Found a faded altar of an unknown god.
  2992 | D:4      | Reached XP level 4. HP: 24/24 MP: 7/12
  3657 | D:4      | Reached XP level 5. HP: 28/28 MP: 11/14
  3682 | D:4      | Noticed an ogre
  3726 | D:4      | Killed an ogre
  3726 | D:4      | Reached skill level 5 in Spellcasting
  3726 | D:4      | Reached skill level 5 in Fire Magic
  3840 | D:4      | Found a runed translucent gate.
  3911 | D:4      | Found a staircase to the Ecumenical Temple.
  3945 | Temple   | Entered the Ecumenical Temple
  3959 | Temple   | Reached skill level 6 in Spellcasting
  3959 | Temple   | Reached XP level 6. HP: 15/32 MP: 10/17
  4277 | Temple   | Became a worshipper of Gozag Ym Sagoz the Greedy
  4903 | D:4      | Reached skill level 7 in Spellcasting
  5026 | D:4      | Noticed kae's ghost (amateur DsGl)
  5029 | D:4      | Found a runed translucent gate.
  5029 | D:4      | Found a runed translucent gate.
  5035 | D:4      | Noticed Eustachio
  5043 | D:4      | Killed Eustachio
  5043 | D:4      | Reached skill level 1 in Hexes
  5043 | D:4      | Reached XP level 7. HP: 36/36 MP: 7/20
  5197 | D:4      | Learned a level 3 spell: Conjure Flame
  5525 | D:5      | Entered Level 5 of the Dungeon
  5615 | D:4      | Learned a level 4 spell: Sticky Flame
  5665 | D:5      | Reached skill level 8 in Spellcasting
  5870 | D:5      | Found a bloodstained altar of Trog.
  5951 | D:5      | Reached XP level 8. HP: 41/41 MP: 11/22
  6097 | D:5      | Reached skill level 9 in Spellcasting
  6789 | D:6      | Noticed Pikel
  6806 | D:7      | Found an opulent altar of Gozag.
  6806 | D:7      | Found Gozag's Platinum Reserve.
  6835 | D:6      | Killed Pikel
  6835 | D:6      | Reached skill level 5 in Stealth
  6835 | D:6      | Reached skill level 10 in Spellcasting
  7389 | D:6      | Reached skill level 1 in Fighting
  7813 | D:7      | Reached XP level 9. HP: 47/47 MP: 8/25
  7979 | D:7      | Noticed Maggie
  7986 | D:7      | Killed Maggie
  8294 | D:7      | Noticed Harold
  8299 | D:7      | Killed Harold
  8299 | D:7      | Reached skill level 11 in Spellcasting
  8705 | D:8      | Reached skill level 5 in Bows
  9099 | D:8      | Identified the +6 dire flail of Amorality {pain, rC+ MR+
                  | Int+3 Dex+4}
  9099 | D:8      | Noticed Maurice
  9109 | D:8      | Killed Maurice
  9109 | D:8      | Reached XP level 10. HP: 31/53 MP: 10/27
  9463 | D:8      | Found Ciaheh's Magic Scroll Shoppe.
  9470 | D:8      | Reached skill level 12 in Spellcasting
  9724 | D:8      | Noticed Erica
  9730 | D:8      | Killed Erica
  9819 | D:8      | Bought a scroll of teleportation for 42 gold pieces
  9819 | D:8      | Bought a scroll of teleportation for 42 gold pieces
  9999 | D:8      | Identified a scroll of acquirement
  9999 | D:8      | Acquired an uncursed staff of fire
 10106 | D:8      | Found an iron altar of Okawaru.
 10108 | D:8      | Found a burning altar of Makhleb.
 10108 | D:8      | Found a shimmering altar of Xom.
 10219 | D:8      | Found a blossoming altar of Fedhas.
 10219 | D:8      | Found an ancient bone altar of Kikubaaqudgha.
 10219 | D:8      | Found a stormy altar of Qazlal.
 10328 | D:8      | Reached skill level 1 in Armour
 10637 | D:9      | Learned a level 2 spell: Blink
 11240 | D:9      | Noticed a two-headed ogre
 11257 | D:8      | Learned a level 3 spell: Mephitic Cloud
 11262 | D:8      | Learned a level 4 spell: Olgreb's Toxic Radiance
 11266 | D:8      | Learned a level 3 spell: Ignite Poison
 11272 | D:8      | Learned a level 5 spell: Fireball
 11577 | D:9      | Killed a two-headed ogre
 11577 | D:9      | Reached skill level 5 in Hexes
 11847 | D:9      | Found a hazy altar of Hepliaklqana.
 11866 | D:9      | Found a glowing golden altar of the Shining One.
 11867 | D:9      | Found a shimmering blue altar of Sif Muna.
 11868 | D:9      | Found an ancient bone altar of Kikubaaqudgha.
 11868 | D:9      | Found a stormy altar of Qazlal.
 11868 | D:9      | Found a radiant altar of Vehumet.
 11869 | D:9      | Found a sparkling altar of Nemelex Xobeh.
 11870 | D:9      | Found a blossoming altar of Fedhas.
 11871 | D:9      | Found a bloodstained altar of Trog.
 12061 | D:10     | Entered Level 10 of the Dungeon
 12090 | D:10     | Reached skill level 1 in Throwing
 12124 | D:10     | Reached skill level 13 in Spellcasting
 12564 | D:10     | Found a staircase to the Lair.
 13283 | D:10     | Reached XP level 11. HP: 58/58 MP: 25/30
 13485 | D:11     | Noticed Fannar
 13492 | D:11     | Killed Fannar
 13492 | D:11     | Reached skill level 5 in Conjurations
 13948 | D:11     | Found a staircase to the Orcish Mines.
 13954 | D:11     | Identified the +9 dagger "Cigiuk" {antimagic, Int+3}
 15061 | D:12     | Noticed a deep elf mage
 15182 | D:12     | Noticed a four-headed hydra
 15186 | D:12     | Noticed Jorgrun
 15453 | D:12     | Noticed Nessos
 15460 | D:12     | Killed Nessos
 15460 | D:12     | Reached skill level 14 in Spellcasting
 15505 | D:12     | Noticed a green ugly thing
 15640 | D:12     | Killed a green ugly thing
 15658 | D:12     | Killed Jorgrun
 15658 | D:12     | Reached skill level 10 in Stealth
 15833 | D:12     | Killed a four-headed hydra
 15833 | D:12     | Reached XP level 12. HP: 64/64 MP: 29/32
 15903 | D:12     | Reached skill level 1 in Air Magic
 16120 | D:12     | Reached skill level 5 in Dodging
 16699 | D:12     | Found a large runed translucent door.
 16699 | D:12     | Found a large runed translucent door.
 16917 | D:12     | Found a portal to a secret trove of treasure.
 17086 | D:12     | Found a hazy altar of Hepliaklqana.
 17089 | D:12     | Found a burning altar of Makhleb.
 17089 | D:12     | Noticed a storm dragon
 17129 | D:13     | Learned a level 2 spell: Slow
 17224 | D:13     | Reached skill level 10 in Bows
 17338 | D:13     | Noticed a two-headed ogre
 17344 | D:13     | Killed a two-headed ogre
 17515 | D:13     | Reached skill level 15 in Spellcasting
 17609 | D:13     | Noticed a vault guard
 17702 | D:13     | Killed a vault guard
 18040 | D:13     | Noticed a vault guard
 18075 | D:13     | Noticed a vault guard
 18092 | D:13     | Killed a vault guard
 18144 | D:13     | Killed a vault guard
 18368 | D:13     | Found a gate to the Vaults.
 18869 | D:13     | Noticed a tengu warrior
 18940 | D:13     | Reached skill level 1 in Poison Magic
 18940 | D:13     | Reached XP level 13. HP: 69/69 MP: 31/34
 19901 | Lair:1   | Entered Level 1 of the Lair of Beasts
 20043 | Lair:1   | Noticed Utwiqean's ghost (journeyman DEIE)
 20193 | Lair:1   | Found a transporter.
 20209 | Lair:1   | Found a transporter.
 20232 | Lair:1   | Reached skill level 1 in Translocations
 20489 | Lair:1   | Found a white marble altar of Elyvilon.
 21195 | Lair:2   | Reached skill level 16 in Spellcasting
 23036 | Lair:3   | Found a staircase to the Snake Pit.
 23412 | Lair:3   | Found a staircase to the Swamp.
 24621 | Lair:4   | Found a runed translucent door.
 24747 | Lair:4   | Found a dark tunnel.
 24752 | Volcano  | Entered a volcano
 25066 | Volcano  | Reached skill level 5 in Armour
 25191 | Volcano  | Found a bloodstained altar of Trog.
 25245 | Volcano  | Reached skill level 1 in Evocations
 25350 | Volcano  | Gained mutation: You are clumsy. (Dex -2) [a neqoxec]
 26158 | Lair:4   | Identified the +11 trident "Thing" {distort, *Slow +Inv rN+
                  | Int+4}
 26162 | Lair:4   | Noticed Giarr's ghost (journeyman DDGl)
 26394 | Lair:4   | Noticed Urug
 26399 | Lair:4   | Reached XP level 14. HP: 42/76 MP: 12/36
 26403 | Lair:4   | Killed Urug
 26494 | Lair:4   | Reached skill level 17 in Spellcasting
 26494 | Lair:4   | Reached skill level 10 in Fire Magic
 27218 | Lair:4   | Bought quicksilver dragon scales for 1800 gold pieces
 27243 | Lair:4   | Bought a fading troll leather armour for 600 gold pieces
 27255 | Lair:4   | Identified the cursed +1 troll leather armour of Vexation
                  | {rF+ Regen+ rCorr} (You bought it in a shop on level 4 of
                  | the Lair of Beasts)
 27271 | Lair:4   | Acquired the ring "Pehynieb" {+Fly rCorr Str+5}
 27404 | Lair:5   | Noticed an entropy weaver
 27413 | Lair:5   | HP: 1/76 [cloud of flame (8)]
 27563 | Lair:5   | Killed an entropy weaver
 28123 | Lair:5   | Noticed an entropy weaver
 28133 | Lair:5   | Killed an entropy weaver
 28311 | Lair:5   | Found a staircase to the Slime Pits.
 28311 | Lair:5   | Found a viscous altar of Jiyva.
 28943 | Lair:6   | Entered Level 6 of the Lair of Beasts
 29738 | Lair:6   | Reached skill level 10 in Dodging
 30358 | Lair:6   | Reached skill level 18 in Spellcasting
 30880 | Lair:6   | Reached skill level 5 in Fighting
 31214 | Lair:6   | Reached XP level 15. HP: 57/82 MP: 21/39
 33168 | Orc:1    | Entered Level 1 of the Orcish Mines
 33682 | Orc:1    | Got an opalescent robe
 33740 | Orc:1    | Identified the +4 robe of the Swan {rF+ rN+} (You found it
                  | on level 1 of the Orcish Mines)
 33848 | Orc:1    | Noticed an orc warlord
 33876 | Orc:1    | Killed an orc warlord
 34498 | Orc:2    | Entered Level 2 of the Orcish Mines
 34564 | Orc:2    | Reached skill level 1 in Transmutations
 34863 | Orc:2    | Found a roughly hewn altar of Beogh.
 34980 | Orc:2    | Found a staircase to the Elven Halls.
 34980 | Orc:2    | Noticed Snorg
 34989 | Orc:2    | Killed Snorg
 35766 | Orc:2    | Reached skill level 15 in Bows
 36198 | Orc:2    | Found Acas's Distillery.
 36201 | Orc:2    | Found Boriar's Book Emporium.
 36202 | Orc:2    | Found Laogita's Book Shoppe.
 36203 | Orc:2    | Found Obosoc's Distillery.
 36207 | Orc:2    | Bought a book of Fire for 650 gold pieces
 36216 | Orc:2    | Learned a level 8 spell: Ignition
 36222 | Orc:2    | Bought a potion of curing for 48 gold pieces
 36222 | Orc:2    | Bought a potion of haste for 160 gold pieces
 36222 | Orc:2    | Bought a potion of magic for 128 gold pieces
 36222 | Orc:2    | Bought a potion of curing for 48 gold pieces
 36222 | Orc:2    | Bought a potion of haste for 160 gold pieces
 36223 | Orc:2    | Bought a potion of curing for 33 gold pieces
 36223 | Orc:2    | Bought a potion of curing for 33 gold pieces
 36223 | Orc:2    | Bought a potion of haste for 110 gold pieces
 36470 | Elf:1    | Entered Level 1 of the Elven Halls
 36552 | Elf:1    | Found a radiant altar of Vehumet.
 37146 | Elf:1    | Reached skill level 19 in Spellcasting
 37586 | Swamp:1  | Entered Level 1 of the Swamp
 37623 | Swamp:1  | Noticed Aizul
 38000 | Snake:1  | Entered Level 1 of the Snake Pit
 38862 | Swamp:1  | Killed Aizul
 38862 | Swamp:1  | Reached XP level 16. HP: 88/90 MP: 15/41
 39714 | Swamp:2  | Found a glowing golden altar of the Shining One.
 41119 | Swamp:2  | Learned a level 6 spell: Starburst
 41994 | Swamp:3  | Noticed a thorn hunter
 42001 | Swamp:3  | Killed a thorn hunter
 42459 | Swamp:3  | Upgraded the game from 0.26-a0-540-g8a0c9464d7 to
                  | 0.26-a0-597-gb535b0901c
 42831 | Swamp:4  | Entered Level 4 of the Swamp
 42841 | Swamp:4  | Noticed a thorn hunter
 42847 | Swamp:4  | Killed a thorn hunter
 43594 | Swamp:4  | Noticed a thorn hunter
 43724 | Swamp:4  | Killed a thorn hunter
 45011 | Swamp:4  | Noticed a bone dragon
 45914 | Swamp:4  | Reached skill level 15 in Fire Magic
 46711 | Swamp:4  | Reached XP level 17. HP: 92/94 MP: 31/42
 46762 | Swamp:4  | Got a decaying rune of Zot
 47368 | D:14     | Noticed Agnes
 47374 | D:14     | Killed Agnes
 48312 | D:14     | Noticed Louise
 48326 | D:14     | Killed Louise
 48451 | D:14     | Identified Roxanne's Reference Book on the Rocks
 48451 | D:14     | Noticed Roxanne
 49238 | D:15     | Entered Level 15 of the Dungeon
 49764 | D:15     | Found a snail-covered altar of Cheibriados.
 50644 | D:15     | Found a staircase to the Depths.
 50922 | D:15     | Bought the amulet of the Four Winds {rN+ MR+++ Clar} for
                  | 439 gold pieces
 50922 | D:15     | Found the amulet of the Four Winds {rN+ MR+++ Clar}
 50938 | D:15     | Bought the ring "Kenac" {*Contam rF+ rC+ MR+ Str+5} for 495
                  | gold pieces
 51726 | Snake:1  | Got a shimmering ruby amulet
 51729 | Snake:1  | Identified the amulet of Happiness {RegenMP MR+ Str+3} (You
                  | found it on level 1 of the Snake Pit)
 52331 | Snake:1  | Found Zasiso's Jewellery Emporium.
 52331 | Snake:1  | Found Wymog's Antique Armour Shoppe.
 52360 | Snake:1  | Bought a pair of ancient gloves for 342 gold pieces
 52360 | Snake:1  | Bought a pitted leather armour for 252 gold pieces
 52371 | Snake:1  | Identified the cursed -5 pair of gloves "Uruaqea" {*Slow
                  | Regen+ Int+6} (You bought it in a shop on level 1 of the
                  | Snake Pit)
 52393 | Snake:1  | Identified the +1 leather armour of Death Resistance {rPois
                  | Regen+ Str+3 Int-2} (You bought it in a shop on level 1 of
                  | the Snake Pit)
 52640 | Snake:2  | Killed from afar by a shock serpent

Illustrated notes

Levels and vault maps discovered:
D:1:      saegor_arrival_simple_a, layout_loops_ring
D:2:      layout_rooms, grunt_ministairs_3, serial_bayou_lagoon_a
D:3:      layout_loops_ring, chequers_ecumenical_altar_simple
D:4:      layout_basic, minmay_temple_entry_antechambers, gammafunk_ghost_split,
          uniq_eustachio
D:5:      layout_rooms, bloody_trog
D:6:      layout_basic, corexii_corridor_pit, kennysheep_doodads, uniq_pikel
D:7:      layout_cave_pools, nicolae_gozag_zags_fifth_avenue, uniq_harold,
          uniq_maggie
D:8:      layout_loops_ring, serial_shops, shop_coins, doesnt_xom_only_xom,
          uniq_maurice, uniq_erica
D:9:      layout_rooms, minitemple
D:10:     layout_roguey, lair_entry_dummy, kennysheep_big_empty_room,
          hangedman_decor_opposing
D:11:     layout_roguey, david_orc_2, minmay_misc_feat_iff, uniq_fannar
D:12:     layout_irregular_city, nicolae_trove_entry_path_of_doom,
          jmf_multi_god_temple2, uniq_jorgrun, uniq_nessos
D:13:     layout_roguey, grunt_vaults_entry_fortified, gauntlet_entry_generic,
          lightli_wizard_tower
D:14:     lemuel_slime, layout_loops_corners, special_room
          [special_room_mythical_zoo], minmay_misc_feat_nine_boxes, uniq_louise,
          uniq_roxanne, uniq_agnes
D:15:     grunt_enter_depths_snipers, layout_rooms, hangedman_decor_peaks_small,
          portal_ice_cave_entry_pillars_2, serial_park_tiny_pond, minivault_23,
          cheibriados_altar_1
Temple:   nicolae_temple_figure_eight
Lair:1:   layout_regular_city, gammafunk_ghost_arena, basic_altar
Lair:2:   layout_cave_pods
Lair:3:   layout_hall_layers, minmay_swamp_entry_eels,
          guppyfry_snake_entry_garden, lemuel_fruit_tree
Lair:4:   layout_roguey, enter_volcano_4, ebering_ghost_funeral_grove, uniq_urug
Lair:5:   layout_roguey, slime_altar_1, minmay_another_anthill
Lair:6:   guppyfry_lair_end_dragon, layout_misc_corridors,
          hangedman_lair_caniforms_friends
Swamp:1:  layout_falls_marsh, serial_swamp_ruin, evilmike_swamp_ruin_house_3,
          hangedman_swamp_ruin_hall, swamp_pool2, uniq_aizul
Swamp:2:  layout_basic_swamp, nicolae_swamp_treefoil, swamp_pool1,
          lemuel_altar_in_water
Swamp:3:  layout_basic_swamp, nicolae_swamp_dense_foliage
Swamp:4:  swamp_pestilence, layout_basic_swamp, swamp_pool5
Snake:1:  layout_grid_shapes, grunt_ministairs_13, grunt_megastairs_2,
          minmay_shoptagon
Snake:2:  layout_misc_corridors, serial_bayou_crossing, serial_bayou_shore_b
Orc:1:    layout_diamond_mine, basic_altar, hangedman_minor_magic
Orc:2:    st_orc_pillars, layout_diamond_mine, basic_altar, uniq_snorg
Elf:1:    eino_elf_arrival_altar, layout_geoelf_grid, serial_shops, shop,
          hangedman_elf_represent, minivault_24

Skill      XL: |  1  2  3  4  5  6  7  8  9 10 11 12 13 14 15 16 17 |
---------------+----------------------------------------------------+-----
Spellcasting   | 4 6 7 8 10 11 13 14 15 16 18 19 | 19.7
Stealth        | 3 4 5 7 8 10 | 10.0
Fire Magic     | 4 5 6 7 8 9 10 15 18 | 18.1
Conjurations   | 2 3 4 5 6 7 8 |  8.2
Hexes          | 1 2 4 5 6 7 |  7.4
Bows           | 3 5 7 9 11 12 14 15 | 15.6
Fighting       | 1 2 3 4 5 6 |  6.9
Dodging        | 3 4 6 8 10 | 10.0
Armour         | 1 2 4 5 6 7 |  7.0
Throwing       | 1 |  1.1
Air Magic      | 1 |  1.5
Poison Magic   | 1 2 3 |  3.8
Translocations | 1 2 3 |  3.2
Evocations     | 1 |  1.4
Transmutations | 1 |  1.7
Staves         | |  0.5

Action                   |  1- 3 |  4- 6 |  7- 9 | 10-12 | 13-15 | 16-18 || total
-------------------------+-------+-------+-------+-------+-------+-------++-------
Melee: Unarmed           |     2 |       |       |       |       |       ||     2
       Staff             |       |       |       |    10 |    10 |    10 ||    30
       Shortbow          |       |       |       |     3 |       |       ||     3
       Longbow           |       |       |       |       |     1 |       ||     1
 Fire: Shortbow          |       |       |   105 |   244 |       |     6 ||   355
       Longbow           |       |       |       |   168 |  1411 |   342 ||  1921
Throw: Dart              |       |     1 |     4 |       |       |       ||     5
       Throwing net      |       |       |       |     3 |       |       ||     3
 Cast: Foxfire           |   164 |    63 |   102 |    76 |    44 |   180 ||   629
       Inner Flame       |     1 |     5 |    31 |   100 |    99 |    38 ||   274
       Conjure Flame     |       |       |     7 |    32 |    16 |     4 ||    59
       Sticky Flame      |       |       |     9 |    62 |   102 |    67 ||   240
       Blink             |       |       |       |    13 |    71 |    34 ||   118
       Fireball          |       |       |       |    13 |    53 |   163 ||   229
       Mephitic Cloud    |       |       |       |    12 |    18 |    11 ||    41
       Olgreb's Toxic Ra |       |       |       |       |    58 |    10 ||    68
       Slow              |       |       |       |       |    21 |    19 ||    40
       Ignite Poison     |       |       |       |       |    32 |     6 ||    38
       Starburst         |       |       |       |       |       |    30 ||    30
       Ignition          |       |       |       |       |       |    21 ||    21
Invok: Call Merchant     |       |       |       |       |     5 |     1 ||     6
Evoke: Wand              |       |       |       |     5 |    22 |       ||    27
  Use: Potion            |       |     4 |     1 |       |     4 |     3 ||    12
       Scroll            |       |    12 |     2 |    14 |    21 |    16 ||    65
Armor: Robe              |    10 |     2 |     2 |       |       |       ||    14
       Swamp dragon scal |       |       |     9 |    78 |   169 |   191 ||   447
       Quicksilver drago |       |       |       |       |    67 |       ||    67
Dodge: Dodged            |    26 |    21 |    37 |   129 |   526 |   251 ||   990
Block: Buckler           |     2 |     2 |     1 |       |       |       ||     5

Table legend: (Time is in decaauts)
 A = Elapsed time spent in this place.
 B = Non-inter-level travel time spent in this place.
 C = Inter-level travel time spent in this place.
 D = Time resting spent in this place.
 E = Time spent auto-exploring this place.
 F = Levels seen in this place.
 G = Mean time per level.
                   A        B        C        D        E       F      G
               +--------+--------+--------+--------+--------+-----+--------+
         Total |  53038 |  50311 |   2727 |   4582 |  34923 |  32 | 1657.4 |
       Dungeon |  23316 |  22387 |    929 |   1546 |  16291 |  15 | 1554.4 |
        Temple |    467 |    439 |     28 |      0 |    384 |   1 |  467.0 |
          Lair |  13553 |  12591 |    962 |   1313 |   8875 |   6 | 2258.8 |
         Swamp |   9104 |   8542 |    562 |   1317 |   5343 |   4 | 2276.0 |
     Snake Pit |   1321 |   1310 |     11 |     81 |    918 |   2 |  660.5 |
  Orcish Mines |   3517 |   3346 |    171 |      9 |   2370 |   2 | 1758.5 |
   Elven Halls |    772 |    710 |     62 |     24 |    539 |   1 |  772.0 |
       Volcano |    982 |    982 |      0 |    292 |    202 |   1 |  982.0 |
               +--------+--------+--------+--------+--------+-----+--------+

Top non-repeatable levels by time:
  Lair:6: 3747 daAuts
 Swamp:4: 3044 daAuts
    D:13: 2807 daAuts
 Swamp:3: 2800 daAuts
  Lair:3: 2381 daAuts
     D:8: 2174 daAuts
   Orc:2: 2166 daAuts
     D:4: 2110 daAuts
    D:11: 2059 daAuts
 Swamp:2: 2018 daAuts
  Lair:2: 2003 daAuts
  Lair:5: 1941 daAuts
    D:14: 1908 daAuts
  Lair:1: 1767 daAuts
    D:12: 1727 daAuts
